 Dungeon Crawl Stone Soup version 0.19-a0-1803-g97ff39f (webtiles) character file.

102 Proteus the Covert (level 4, 0/22 HPs)
             Began as a Spriggan Assassin on Oct 5, 2016.
             Was a Follower of Trog.
             Slain by a worm (10 damage)
             ... on level 3 of the Dungeon.
             The game lasted 00:06:26 (2703 turns).

Proteus the Covert (Spriggan Assassin)              Turns: 2703, Time: 00:06:26

Health: 0/22       AC:  5    Str:  7    XL:     4   Next: 49%
Magic:  5/5        EV: 17    Int: 12    God:    Trog [*.....]
Gold:   100        SH:  0    Dex: 18    Spells: 0 memorised, 3 levels left

rFire  . . .     SeeInvis +     b - +1 blowgun
rCold  . . .     Gourm    .     c - +0 robe
rNeg   . . .     Faith    .     (shield restricted)
rPois  .         Spirit   .     i - +2 hat
rElec  .         Dismiss  .     d - +0 cloak
rCorr  .         Reflect  .     (gloves unavailable)
MR     .....     Harm     .     (boots unavailable)
Stlth  ++++......               (no amulet)
                                (no ring)
                                (no ring)

@: very quick
A: unfitting armour, see invisible, herbivore 3, speed 3, slow metabolism 2
a: Berserk, Burn Spellbooks, Renounce Religion


You were on level 3 of the Dungeon.
You worshipped Trog.
Trog was aware of your devotion.
You were not hungry.

You visited 1 branch of the dungeon, and saw 3 of its levels.

You collected 100 gold pieces.

Inventory:

Hand Weapons
 a - a +2 dagger
 b - a +1 blowgun (weapon)
 j - a +1 dagger of speed
Missiles
 e - 10 poisoned needles (quivered)
 f - 2 curare-tipped needles
Armour
 c - a +0 robe (worn)
 d - a +0 cloak (worn)
 i - a +2 hat (worn)
Wands
 m - a wand of lightning (0/15)
Potions
 h - a potion of heal wounds
 k - a potion of magic
 n - a potion of berserk rage {unknown}
Comestibles
 g - a bread ration


   Skills:
 - Level 1.5 Fighting
 - Level 2.1 Short Blades
 - Level 2.0 Throwing
 - Level 1.5 Dodging
 + Level 9.1 Stealth


You had 3 spell levels left.
You didn't know any spells.

Dungeon Overview and Level Annotations

Branches:
Dungeon (3/15)

Altars:
Okawaru
Trog

Annotations:
D:3 1 runed door


Innate Abilities, Weirdness & Mutations

You are very small and have problems with some larger weapons.
You are too small for most types of armour.
You have supernaturally acute eyesight. (SInv)
You are a herbivore.
You cover ground extremely quickly.
You need consume almost no food.


Message History

Firing (i - inventory. (,) - cycle):
e - 13 poisoned needles (quivered)
Press: ? - help, Shift-Dir - straight line, f/p - worm
Aim: a worm (heavily wounded, poisoned)
You shoot a poisoned needle.
The poisoned needle barely misses the worm.
The poisoned needle hits the ogre.
The ogre is poisoned.
The worm barely misses you.
Firing (i - inventory. (,) - cycle):
e - 12 poisoned needles (quivered)
Press: ? - help, Shift-Dir - straight line, f/p - worm
Aim: a worm (heavily wounded, poisoned)
You shoot a poisoned needle. The poisoned needle hits the worm.
The worm looks as sick as possible!
The worm is heavily wounded.
Firing (i - inventory. (,) - cycle):
e - 11 poisoned needles (quivered)
Press: ? - help, Shift-Dir - straight line, f/p - worm
Aim: a worm (heavily wounded, poisoned)
You shoot a poisoned needle.
The poisoned needle completely misses the worm.
The poisoned needle hits the ogre.
The worm bites you!
You die...

........## # .♣ ##.###..# # _..
# ###..# # ♣.♣ ....## ######
... ##...## #..... ♣.#.####
##.....## #.†... ......##
##.......## #.....
.######.(.####..(......###.<...
.........)ggOw@(.......'.......
#######...####.........####....
#..## ##.......## ##..# #.##
##.....## ##.# #.# ##...## .#
... ##'## .# ...# #.# #.... # #


You could see an ogre, a worm and 2 goblins.

Vanquished Creatures
  An adder (D:3)
  A shadow imp (D:3)
  2 oozes (D:2)
  4 worms (D:2)
  A dart slug (D:1)
  2 leopard geckos (D:1)
  7 orcs (D:3)
  3 giant cockroaches (D:1)
  3 goblins
  2 hobgoblins
  3 jackals (D:3)
  8 kobolds
  3 quokkas (D:2)
  2 ball pythons (D:1)
  4 bats
  9 rats
55 creatures vanquished.

Notes
Turn   | Place    | Note
-------+----------+-------------------------------------------
     0 | D:1      | Proteus the Spriggan Assassin began the quest for the Orb.
     0 | D:1      | Reached XP level 1. HP: 10/10 MP: 2/2
     4 | D:1      | Reached skill level 6 in Stealth
    85 | D:1      | Reached XP level 2. HP: 14/14 MP: 3/3
   409 | D:1      | Reached skill level 7 in Stealth
  1055 | D:2      | Reached XP level 3. HP: 18/18 MP: 4/4
  1380 | D:2      | Found a bloodstained altar of Trog.
  1548 | D:2      | Became a worshipper of Trog the Wrathful
  1732 | D:2      | Reached skill level 8 in Stealth
  2463 | D:3      | Reached XP level 4. HP: 22/22 MP: 5/5
  2499 | D:3      | Found a runed door.
  2634 | D:3      | Reached * piety under Trog
  2667 | D:3      | Reached skill level 9 in Stealth
  2674 | D:3      | Found an iron altar of Okawaru.
  2675 | D:3      | Noticed an ogre
  2703 | D:3      | Slain by a worm

Vault maps used:
D:1:      ncdulo_halloftheorcs
D:2:      bloody_trog, hangedman_decor_peaks_small
D:3:      okawaru_trees_1, uniq_crazy_yiuf_cottage, uniq_jessica

Skill      XL: |  1  2  3  4 |
---------------+-------------+-----
Stealth        | 6 7 8 9 |  9.1
Fighting       | |  1.5
Short Blades   | |  2.1
Throwing       | |  2.0
Dodging        | |  1.5

Action                   |  1- 3 |  4- 6 || total
-------------------------+-------+-------++-------
Melee: Dagger            |   169 |    35 ||   204
 Fire: Blowgun           |     7 |     9 ||    16
Evoke: Wand              |       |     4 ||     4
  Use: Scroll            |     6 |     2 ||     8
 Stab: Sleeping          |    16 |     3 ||    19
       Distracted        |     1 |       ||     1
Armor: Robe              |    25 |     6 ||    31
Dodge: Dodged            |   123 |    24 ||   147
